 Dungeon Crawl Stone Soup version 0.17-a0-995-gb5fa8d7 (webtiles) character file.

224 Sixotanaka the Scratcher (level 5, -5/22 HPs)
             Began as a Felid Transmuter on May 12, 2015.
             Killed by nerve-wracking pain
             ... invoked by an orc priest
              (12 damage)
             ... on level 3 of the Dungeon.
             The game lasted 00:12:44 (3882 turns).

Sixotanaka the Scratcher (Felid Transmuter)         Turns: 3882, Time: 00:12:44

Health: -5/22      AC:  1    Str:  6    XL:     5   Next: 67%
Magic:  9/9        EV: 24    Int: 14    God:
Gold:   125        SH:  0    Dex: 18    Spells: 1 memorised, 7 levels left
                                        Lives:  0   Deaths: 1

rFire  . . .     SeeInvis +       - Unarmed
rCold  . . .     Clarity  .     (armour unavailable)
rNeg   . . .     SustAb   .     (shield unavailable)
rPois  .         Gourm    .     (helmet unavailable)
rElec  .         Spirit   .     (cloak unavailable)
rCorr  .         Warding  .     (gloves unavailable)
rMut   .         Stasis   .     (boots unavailable)
MR     .....                    (no amulet)
Stlth  ++........               j - +6 ring of evasion
                                t - ring of flight

@: quick, not resistant to hostile enchantments, unstealthy
A: no armour, no weapons or thrown items, claws 1, fangs 3, see invisible,
carnivore 3, speed 1, shaggy fur 1, slow metabolism 1, sharp paws
a: Evoke Flight


You were on level 3 of the Dungeon.
You were completely stuffed.

You visited 1 branch of the dungeon, and saw 4 of its levels.

You collected 225 gold pieces.
You spent 100 gold pieces at shops.


Innate Abilities, Weirdness & Mutations

You cannot wear armour.
You are incapable of wielding weapons or throwing items.
You have sharp claws.
You have razor-sharp teeth.
You have supernaturally acute eyesight.
You are carnivorous and can eat meat at any time.
You cover ground quickly.
You are covered in fur (AC +1).
You have a slow metabolism.
Your sharp claws are effective at attacking unaware monsters.


   Skills:
 - Level 1.0 Fighting
 - Level 2.6 Dodging
 + Level 6.9 Unarmed Combat
 - Level 2.0 Spellcasting
 - Level 2.1 Transmutations


You had 7 spell levels left.
You knew the following spells:

 Your Spells              Type           Power        Failure   Level  Hunger
z - Beastly Appendage     Trmt           #.....       12%         1    ##.....


Dungeon Overview and Level Annotations

Branches:
Dungeon (4/15)
 Temple: D:4-7

Altars:
Sif Muna

Shops:
D:4 }!}*

Annotations:
D:4 Pikel

Inventory:

Missiles
 a - 92 arrows
 r - 10 poisoned arrows
Jewellery
 j - a +6 ring of evasion (right paw)
 t - a ring of flight (left paw)
 A - an uncursed ring of fire {unknown}
 G - an uncursed ring of positive energy {unknown}
Magical devices
 s - a wand of polymorph (12)
 F - a wand of invisibility (4)
Scrolls
 e - 2 scrolls of identify {@r1}
 f - a scroll of recharging {unknown}
 h - 2 scrolls of fear
 k - a scroll of fog {unknown}
 m - a scroll of random uselessness {unknown}
 n - 2 scrolls of amnesia {unknown}
 p - 3 scrolls of teleportation {@r4}
 q - 3 scrolls of remove curse {@r2}
 v - a scroll of enchant weapon {unknown}
 w - a scroll of noise {unknown}
 x - a scroll of magic mapping {unknown}
 y - a scroll of blinking {unknown}
 D - a scroll of enchant armour {unknown}
Potions
 d - 3 potions of flight
 g - a potion of agility {unknown}
 i - 2 potions of lignification {!q}
 l - 3 potions of brilliance {unknown}
 o - 2 potions of magic {unknown}
 u - 2 potions of poison {unknown}
 z - a potion of curing {unknown}
 C - a potion of haste {@q3}
Books
 b - a book of Changes
Comestibles
 c - 4 meat rations
 B - a beef jerky
 E - 4 chunks of flesh

#.###.# ####..# #..##.#
##.. ######.##.## ###
............#
#####.......########
#...............
#.......####....
#########.......###..###
.....oo@............## #
#####################


You could see an orc priest (bleeding) and an orc.


Message History

You kill the bat!
No target in view!
Found a short sword.
A goblin comes into view.
The goblin shouts!
The goblin moves out of view.
The goblin is too close now for your liking.
A goblin is nearby!
The goblin completely misses you.
Found a stone staircase leading up.
You closely miss the goblin. The goblin completely misses you.
You closely miss the goblin. The goblin barely misses you.
You claw the goblin!
You kill the goblin!
No target in view!
No target in view!
An orc is nearby!
An orc is nearby!
The orc shouts!
You see here 17 poisoned needles.
Casting: Beastly Appendage You grow a pair of large bovine horns.
You completely miss the orc. The orc hits you with a rapier.
You claw the orc!
You kill the orc!
No target in view!
Things that are here:
a rapier; a leather armour; an orc corpse You butcher the orc corpse.
E - 4 chunks of flesh (gained 3)
Things that are here:
a rapier; a leather armour; an orc skeleton You start resting.
Your horns disappear.
G - a glowing emerald ring
There is an open gate, spattered with blood here.
Things that are here:
a scale mail; a mace; an orc skeleton
Things that are here:
a rapier; a leather armour; an orc skeleton You see here 17 poisoned needles.
You enter the shallow water.
Moving in this stuff is going to be slow.
There is a stone staircase leading up here.
You see here a dagger.
Key pressed, stopping explore.
Unknown command.
The orc shouts!
You hear a shout!
You hear a shout!
The orc falls through a shaft!
The shaft crumbles and collapses. 2 orcs and an orc priest come into view.
The orc priest shouts!
The orc shouts!
The orc hits you with a hand axe!
You claw the orc!
You kill the orc!
The orc priest's eyes start to glow.
The orc priest completely misses you.
You see here a hand axe.
You barely miss the orc priest. You bite the orc priest.
You completely miss the orc priest. The orc priest misses you.
You scratch the orc priest.
The orc priest begins to bleed from its wounds!
You claw the orc priest, but do no damage.
You bite the orc priest, but do no damage.
The orc priest hits you with a whip.
* * * LOW HITPOINT WARNING * * *
You scratch the orc priest but do no damage.
The orc priest mumbles some strange prayers to Beogh against you.
Pain shoots through your body!
Ouch! That really hurt!
You die...

Action                   |  1- 3 |  4- 6 || total
-------------------------+-------+-------++-------
Melee: Unarmed           |   120 |   172 ||   292
 Cast: Beastly Appendage |    10 |    14 ||    24
  Use: Scroll            |       |     5 ||     5
 Stab: Sleeping          |     2 |     5 ||     7
  Eat: Chunk             |    10 |     9 ||    19

Vault maps used:
D:1:      lightli_arrival_noodles
D:2:      serial_glass, glass_columns_c, glass_columns_a, glass_columns_a,
          glass_columns_a, glass_columns_b, feat_on_display, minmay_mini_jars
D:3:      kennysheep_goblin_castle, first_bread, serial_bayou_pond_e
D:4:      lemuel_round_altar, minmay_temple_entry_fiery, serial_shops, shop,
          kennysheep_little_box, nicolae_shop_crystal, shop,
          kennysheep_generic_room_11, uniq_pikel

Notes
Turn   | Place    | Note
--------------------------------------------------------------
     0 | D:1      | Sixotanaka the Felid Transmuter began the quest for the Orb.
     0 | D:1      | Reached XP level 1. HP: 9/9 MP: 4/4
   325 | D:1      | Reached XP level 2. HP: 12/12 MP: 4/6
   895 | D:1      | Reached skill level 4 in Unarmed Combat
  1123 | D:2      | Reached XP level 3. HP: 11/15 MP: 5/7
  2026 | D:2      | Reached XP level 4. HP: 13/19 MP: 8/8
  2314 | D:2      | Reached skill level 5 in Unarmed Combat
  2924 | D:3      | Noticed Ijyb
  2968 | D:3      | Killed Ijyb
  3197 | D:3      | Reached XP level 5. HP: 20/22 MP: 7/9
  3200 | D:3      | Slain by an orc priest
  3201 | D:3      | Reached XP level 4. HP: 0/19 MP: 7/8
  3275 | D:4      | Reached skill level 6 in Unarmed Combat
  3278 | D:4      | Noticed a slave
  3299 | D:4      | Found a deep blue altar of Sif Muna.
  3315 | D:4      | Reached XP level 5. HP: 16/22 MP: 9/9
  3326 | D:4      | Found Femp's Gadget Emporium.
  3387 | D:4      | Found Toen's Assorted Antiques.
  3406 | D:4      | Killed a slave
  3449 | D:4      | Found Ceig's Gadget Boutique.
  3498 | D:4      | Found Jenwis's Distillery.
  3505 | D:4      | Bought a potion of haste for 100 gold pieces
  3620 | D:4      | Noticed a slave
  3622 | D:4      | Noticed Pikel
  3652 | D:4      | Noticed a slave
  3655 | D:4      | Noticed a slave
  3882 | D:3      | Killed from afar by an orc priest

Vanquished Creatures
  A slave (D:4)
  A scorpion (D:4)
  A hound (D:4)
  Ijyb (D:3)
  2 worker ants (D:4)
  3 adders
  6 worms
  An adder skeleton (D:4)
  A giant gecko (D:3)
  7 orcs (D:3)
  5 giant cockroaches
  7 hobgoblins
  6 jackals
  2 ball pythons (D:2)
  13 bats
  5 giant newts (D:2)
  11 goblins
  8 kobolds
  2 quokkas
  11 rats
94 creatures vanquished.
